 Dungeon Crawl Stone Soup version 0.26.1-11-gd32895ea62 (webtiles) character file.

Game seed: 5950455203067333387

7940 MrSixtyFour the Cruncher (level 11, -4/84 HPs)
             Began as a White Draconian Chaos Knight on June 29, 2021.
             Was a Plaything of Xom.
             Shot with a bolt by an orc knight (20 damage)
             ... on level 1 of the Orcish Mines.
             The game lasted 01:01:31 (11981 turns).

MrSixtyFour the Cruncher (DrCK)                    Turns: 11981, Time: 01:01:32

Health: -4/84      AC: 12    Str: 17      XL:     11   Next: 3%
Magic:  11/11      EV: 17    Int: 12      God:    Xom [*.....]
Gold:   827        SH:  0    Dex:  5 (12) Spells: 10/10 levels left

rFire    + . .     SeeInvis .   n - +5 quarterstaff (chaos)
rCold    . . .     Faith    .   (shield currently unavailable)
rNeg     . . .     Spirit   .   (armour unavailable)
rPois    .         Reflect  .   (helmet restricted)
rElec    .         Harm     .   o - +0 cloak
rCorr    .         Rampage  .   u - +1 pair of gloves
Will     .....                  a - +1 pair of boots
Stlth    +++.......             (no amulet)
HPRegen  0.24/turn              q - +4 ring of evasion
MPRegen  0.12/turn              k - ring of fire

@: short of breath
A: breathe frost, unfitting armour, antennae 1, fangs 1, talons 1, blurry vision
1, cold resistance 1, frail 1, cold-blooded, AC +7
a: Breathe Frost, Renounce Religion


You were on level 1 of the Orcish Mines.
You worshipped Xom.
You were a special plaything of Xom.
You visited 2 branches of the dungeon, and saw 11 of its levels.

You collected 827 gold pieces.

Inventory:

Hand Weapons
 n - a +5 quarterstaff of chaos (weapon)
 w - a +3 halberd
 E - a +0 morningstar of protection
Missiles
 h - a throwing net
 y - 39 bolts
Armour
 a - a +1 pair of boots (worn)
 o - a +0 cloak (worn)
 u - a +1 pair of gloves (worn)
Jewellery
 k - a ring of fire (right hand)
 q - a +4 ring of evasion (left hand)
Wands
 g - a wand of flame (29)
 i - a wand of polymorph (7)
 s - a wand of digging (1)
 z - a wand of disintegration (11)
 A - a wand of acid (6)
 C - a wand of paralysis (4)
 D - a wand of iceblast (3)
Scrolls
 c - 5 scrolls of teleportation
 f - a scroll of magic mapping
 m - 6 scrolls of remove curse
 r - 7 scrolls of amnesia
 x - 2 scrolls of fog
 B - 2 scrolls of identify
Potions
 b - a potion of heal wounds
 d - a potion of cancellation
 e - 4 potions of flight
 j - 2 potions of curing
 l - 2 potions of mutation
 p - a potion of invisibility
 v - a potion of brilliance


   Skills:
 + Level 7.9 Fighting
 + Level 5.3(8.4) Polearms
 + Level 10.1(10.6) Staves
 + Level 5.9 Dodging
 + Level 6.4 Stealth
 * Level 6.7 Evocations


You had 10 spell levels left.
You didn't know any spells.
Your spell library contained the following spells:

 Spells                   Type           Power        Failure   Level
 Corona                   Hex            0%           32%         1
 Slow                     Hex            0%           45%         2
 Inner Flame              Hex/Fire       0%           69%         3
 Portal Projectile        Hex/Tloc       0%           69%         3
 Cause Fear               Hex            0%           97%         4
 Leda's Liquefaction      Hex/Erth       0%           97%         4


Dungeon Overview and Level Annotations

Branches:
Dungeon (10/15)            Temple (0/1) D:4            Lair (0/6) D:10
    Orc (1/2) D:10

Altars:
Ashenzari
Cheibriados
Fedhas
Gozag
Hepliaklqana
Kikubaaqudgha
Makhleb
Nemelex Xobeh
Okawaru
Qazlal
Trog
Uskayaw
Vehumet
Xom

Shops:
D:5 *


Innate Abilities, Weirdness & Mutations

You can breathe waves of freezing cold.
You can buffet flying creatures when you breathe cold.
Your icy white scales are hard. (AC +7)
You cannot fit into any form of body armour.
Your flesh is cold resistant. (rC+)
You are cold-blooded and may be slowed by cold attacks.
You have a pair of small antennae on your head.
You have very sharp teeth.
You have sharp toenails.
Scrolls take you a little longer to read.
You are frail. (-10% HP)


Message History

The bolt misses you.
You see here a bolt.
Abil: Breathe Frost
Press: ? - help, Q - select action, (/) - cycle Shift-Dir - straight line, f - orc knight, p - orc warrior
Aim: an orc knight, wielding a +1 battleaxe and wearing a +0 chain mail (moderately wounded, poisoned, lightly drained)
You exhale a wave of freezing cold.
The freezing breath misses the orc knight.
You feel better.
The orc warrior hits you with a +0 scimitar!!
You emit a cloud of colourful smoke!
The orc knight hits you but does no damage.
The orc knight shoots a bolt.
The bolt closely misses you.
You hit the orc warrior.
The orc warrior is poisoned.
The orc warrior is lightly wounded.
The orc knight hits you with a +1 battleaxe!
* * * LOW HITPOINT WARNING * * *
The orc warrior hits you but does no damage.
The orc knight shoots a bolt.
The bolt hits you!!
You die...
Xom chuckles heartily!

##.................#
#.......(........###
##......o.......#.#
##.#...........#... ..
#....§.....$......## ..
###..{§.......... ...#
..# ##.#Coo§..........
...##..
#.....(..........# ......
##...@.....###.... ......
#.........# ... ..#.####
##.......#.. ...###.###
##.#...#..#...
>......^.###.............
...........##...........
..##..#......#..#.#.##.#
..######.#.......#### ##
...# #####.#...#


You could see 2 orc knights, a cyclops and an orc warrior (strong, very
poisoned).

Vanquished Creatures
  A two-headed ogre (D:10)
  A manticore (shapeshifter) (D:8)
  A manticore (D:6)
  A centaur skeleton (D:10)
  An efreet (D:10)
  A vampire (D:9)
  5 yaks (D:10)
  2 wyverns
  A golden eye (D:10)
  4 wargs
  2 orc warriors
  A black bear (D:7)
  3 sky beasts
  A phantom (D:4)
  An eye of draining (D:10)
  The ghost of opiate666 the Skirmisher, an amateur DsAK of Lugonu (D:6)
  3 centaurs
  3 ogres
  A big kobold (D:7)
  6 bullfrogs
  A gnoll sergeant (D:8)
  A killer bee (D:8)
  13 wights
  5 howler monkeys
  2 vampire bats (D:4)
  A centaur zombie (D:9)
  3 bullfrog zombies
  A quasit (D:8)
  6 hounds
  13 orc wizards
  Crazy Yiuf (D:3)
  4 orc priests
  2 jellies
  Natasha (twice) (D:3)
  5 iguanas
  5 worker ants
  Robin (D:2)
  8 gnolls
  5 adders
  A howler monkey skeleton (D:6)
  3 shadow imps
  3 white imps
  2 ufetubi
  2 oozes
  An adder zombie (D:7)
  An adder skeleton (D:7)
  3 worms
  A leopard gecko (D:9)
  62 orcs
  A ball python (D:2)
  2 bat skeletons (D:4)
  4 bat zombies (D:4)
  6 giant cockroaches
  11 goblins
  6 hobgoblins
  8 quokkas
  10 bats
  7 frilled lizards
  9 kobolds
  A leopard gecko skeleton (D:4)
  5 rats
268 creatures vanquished.

Vanquished Creatures (collateral kills)
  A gnoll sergeant (D:3)
  3 gnolls
4 creatures vanquished.

Grand Total: 272 creatures vanquished

Notes
Turn   | Place    | Note
-------+----------+-------------------------------------------
     0 | D:1      | MrSixtyFour the Draconian Chaos Knight began the quest for
                  | the Orb.
     0 | D:1      | Reached XP level 1. HP: 19/19 MP: 1/1
    33 | D:1      | XOM: silly message
   219 | D:1      | XOM: silly message
   301 | D:1      | Reached XP level 2. HP: 26/26 MP: 2/2
   317 | D:1      | XOM: silly message
   718 | D:2      | XOM: silly message
   752 | D:2      | Noticed Robin
   756 | D:2      | XOM: potion effect (heal wounds)
   759 | D:2      | Reached XP level 3. HP: 29/33 MP: 3/3
   771 | D:2      | XOM: potion effect (curing)
   776 | D:2      | Killed Robin
   893 | D:2      | Found an iron altar of Okawaru.
   904 | D:2      | XOM: smoke on damage
  1452 | D:2      | XOM: noise
  1705 | D:2      | Reached XP level 4. HP: 40/40 MP: 4/4
  1804 | D:2      | XOM: silly message
  1856 | D:2      | Found a radiant altar of Vehumet.
  2176 | D:3      | XOM: scenery: summon butterflies
  2389 | D:3      | XOM: scenery: create altars
  2479 | D:3      | Reached skill level 1 in Stealth
  2753 | D:3      | Found a stormy altar of Qazlal.
  2753 | D:3      | Found a burning altar of Makhleb.
  2753 | D:3      | Noticed a gnoll sergeant
  2766 | D:3      | Reached XP level 5. HP: 20/46 MP: 5/5
  2766 | D:3      | XOM: smoke on damage
  2769 | D:3      | XOM: summons 5 friendly demons
  3070 | D:3      | Noticed Natasha
  3075 | D:3      | XOM: enchant monster (good)
  3092 | D:3      | Killed Natasha
  3257 | D:3      | Found a runed translucent door.
  3258 | D:3      | Noticed Crazy Yiuf
  3290 | D:3      | XOM: polymorph rat -> bat
  3334 | D:3      | Noticed Natasha
  3340 | D:3      | Killed Natasha
  3382 | D:3      | Killed Crazy Yiuf
  3432 | D:4      | Reached XP level 6. HP: 53/53 MP: 6/6
  3438 | D:4      | Found a staircase to the Ecumenical Temple.
  3526 | D:4      | XOM: divination: detect creatures
  3711 | D:4      | Reached skill level 5 in Polearms
  3741 | D:4      | XOM: give mutation
  3741 | D:4      | Gained mutation: Scrolls take you a little longer to read.
                  | [Xom's mischief]
  3947 | D:4      | Reached skill level 1 in Staves
  4010 | D:4      | Found a blossoming altar of Fedhas.
  4391 | D:4      | Found an ancient bone altar of Kikubaaqudgha.
  4398 | D:4      | XOM: enchant monster (good)
  4400 | D:4      | Your scales start taking on an icy white colour.
  4400 | D:4      | Reached XP level 7. HP: 60/60 MP: 7/7
  4400 | D:4      | Gained mutation: Your flesh is cold resistant. (rC+) [White
                  | Draconian growth]
  4410 | D:4      | Reached skill level 2 in Staves
  4534 | D:5      | Entered Level 5 of the Dungeon
  4542 | D:5      | Lost mutation: Scrolls take you a little longer to read.
                  | [potion of mutation]
  4542 | D:5      | Gained mutation: Your spells are a little harder to cast,
                  | but a little more powerful. [potion of mutation]
  4542 | D:5      | Gained mutation: Your body sometimes deteriorates upon
                  | taking damage. [potion of mutation]
  4542 | D:5      | Gained mutation: You have very sharp teeth. [potion of
                  | mutation]
  4542 | D:5      | Gained mutation: You expend magic power (3 MP) to
                  | strengthen your wands. [potion of mutation]
  4682 | D:5      | Found a bloodstained altar of Trog.
  4707 | D:5      | XOM: cloud trail
  4795 | D:5      | XOM: noise
  4814 | D:5      | Found Gozag's Platinum Reserve.
  4818 | D:5      | Found an opulent altar of Gozag.
  4911 | D:5      | XOM: divination: detect items
  4917 | D:5      | Found a sparkling altar of Nemelex Xobeh.
  5012 | D:5      | XOM: silly message
  5026 | D:5      | Reached skill level 5 in Fighting
  5026 | D:5      | Reached skill level 3 in Staves
  5026 | D:5      | Reached skill level 1 in Evocations
  5053 | D:5      | XOM: noise
  5121 | D:5      | XOM: silly message
  5199 | D:5      | Found a sparkling altar of Nemelex Xobeh.
  5331 | D:6      | XOM: god gift: scroll of amnesia
  5385 | D:6      | Reached skill level 4 in Staves
  5385 | D:6      | Reached XP level 8. HP: 34/64 MP: 8/8
  5814 | D:6      | Found a runed translucent gate.
  5814 | D:6      | Found a runed translucent gate.
  5814 | D:6      | Found a runed translucent gate.
  5814 | D:6      | Found an opulent altar of Gozag.
  5815 | D:6      | Noticed opiate666's ghost (amateur DsAK)
  5816 | D:6      | Noticed a manticore
  5907 | D:6      | Reached skill level 5 in Staves
  6118 | D:6      | Found a broken altar of Ashenzari.
  6223 | D:6      | XOM: silly message
  6465 | D:6      | XOM: butterfly on damage
  6475 | D:6      | Killed a manticore
  6476 | D:6      | Reached skill level 6 in Staves
  6482 | D:6      | Killed opiate666's ghost
  6626 | D:6      | XOM: noise
  6706 | D:7      | Reached XP level 9. HP: 75/75 MP: 9/9
  6767 | D:7      | XOM: cast spell 'Call Canine Familiar'
  6921 | D:7      | Found a hazy altar of Hepliaklqana.
  6923 | D:7      | XOM: god gift: hand crossbow {god gift}
  6983 | D:7      | XOM: silly message
  7119 | D:7      | Reached skill level 5 in Stealth
  7298 | D:7      | Found an iron altar of Okawaru.
  7301 | D:7      | XOM: enchant monster (good)
  7315 | D:7      | Reached skill level 7 in Staves
  7550 | D:8      | XOM: enchant monster (good)
  7567 | D:8      | XOM: potion effect (haste)
  7579 | D:8      | Noticed a glowing shapeshifter
  7579 | D:8      | an orc warrior changed into a glowing shapeshifter
  7579 | D:8      | Noticed a sea snake
  7579 | D:8      | a glowing shapeshifter changed into a sea snake
  7580 | D:8      | Noticed a deep troll
  7580 | D:8      | a sea snake changed into a deep troll
  7585 | D:8      | Noticed a mana viper
  7585 | D:8      | a deep troll changed into a mana viper
  7590 | D:8      | Noticed a glowing shapeshifter
  7590 | D:8      | a mana viper changed into a glowing shapeshifter
  7591 | D:8      | XOM: noise
  7594 | D:8      | Noticed a mana viper
  7596 | D:8      | Noticed a faun
  7596 | D:8      | a mana viper changed into a faun
  7599 | D:8      | XOM: summons friendly iron imp
  7605 | D:8      | Noticed a manticore
  7605 | D:8      | a faun changed into a manticore
  7618 | D:8      | Killed a manticore
  7715 | D:8      | XOM: divination: magic mapping
  7902 | D:8      | Found an iron altar of Okawaru.
  7981 | D:8      | XOM: stat loss: -1 Int (11/12)
  7983 | D:8      | Reached skill level 8 in Staves
  7993 | D:8      | XOM: confuse monster(s)
  7998 | D:8      | Reached skill level 5 in Evocations
  8016 | D:8      | XOM: cleaving
  8019 | D:8      | XOM: enchant monster (bad)
  8098 | D:8      | XOM: god gift: mace {god gift}
  8495 | D:8      | XOM: 5-stop teleportation journey
  8708 | D:9      | Reached XP level 10. HP: 82/84 MP: 10/10
  8712 | D:9      | XOM: god gift: scroll labelled ZUSMUUSUEXU {god gift}
  8745 | D:9      | Reached skill level 5 in Dodging
  8891 | D:9      | XOM: summons friendly crimson imp
  9051 | D:9      | XOM: god gift: 27 gold pieces
  9170 | D:9      | XOM: silly message
  9172 | D:9      | XOM: enchant monster (bad)
  9441 | D:9      | Found a hide-covered altar of Uskayaw.
  9459 | D:10     | Entered Level 10 of the Dungeon
  9541 | D:10     | XOM: fog
  9557 | D:10     | Found a staircase to the Lair.
 10013 | D:10     | Reached skill level 9 in Staves
 10174 | D:10     | Found a staircase to the Orcish Mines.
 10337 | D:10     | Paralysed by a hornet for 3 turns
 10338 | D:10     | XOM: confusion (+ monsters)
 10340 | D:10     | XOM: polymorph hornet -> golden eye
 10385 | D:10     | XOM: silly message
 10483 | D:10     | Found a snail-covered altar of Cheibriados.
 10627 | D:10     | XOM: polymorph white imp -> crimson imp
 10630 | D:10     | XOM: polymorph orc -> hobgoblin
 10634 | D:10     | XOM: stat loss: -1 Int (11/12)
 10636 | D:10     | XOM: stat loss: -1 Str (16/17)
 10639 | D:10     | XOM: summons 1 hostile demon
 10643 | D:10     | XOM: polymorph crimson imp -> white imp
 10656 | D:10     | XOM: 3-stop teleportation journey
 10678 | D:10     | Noticed a two-headed ogre
 10685 | D:10     | Killed a two-headed ogre
 10685 | D:10     | XOM: 5-stop teleportation journey
 10885 | D:10     | Reached skill level 10 in Staves
 10921 | D:10     | XOM: stat loss: -1 Dex (11/12)
 10930 | D:10     | XOM: give mutations
 10930 | D:10     | Lost mutation: Your spells are a little harder to cast, but
                  | a little more powerful. [Xom's mischief]
 10930 | D:10     | Gained mutation: You have sharp toenails. [Xom's mischief]
 10930 | D:10     | Gained mutation: You are frail. (-10% HP) [Xom's mischief]
 10947 | D:10     | XOM: give mutations
 10947 | D:10     | Lost mutation: You are frail. (-10% HP) [Xom's mischief]
 10947 | D:10     | Gained mutation: Scrolls take you a little longer to read.
                  | [Xom's mischief]
 10947 | D:10     | Gained mutation: You are frail. (-10% HP) [Xom's mischief]
 10947 | D:10     | Lost mutation: You expend magic power (3 MP) to strengthen
                  | your wands. [Xom's mischief]
 11069 | D:10     | XOM: torment (41/79 hp)
 11201 | D:10     | XOM: summons 6 hostile demons
 11563 | D:10     | Reached XP level 11. HP: 84/84 MP: 11/11
 11871 | Orc:1    | Entered Level 1 of the Orcish Mines
 11952 | Orc:1    | Noticed an orc knight
 11958 | Orc:1    | XOM: give mutations
 11958 | Orc:1    | Gained mutation: You have a pair of small antennae on your
                  | head. [Xom's mischief]
 11958 | Orc:1    | Lost mutation: Your body sometimes deteriorates upon taking
                  | damage. [Xom's mischief]
 11961 | Orc:1    | Noticed an orc knight
 11977 | Orc:1    | XOM: smoke on damage
 11981 | Orc:1    | Shot with a bolt by an orc knight

Illustrated notes

Levels and vault maps discovered:
D:1:      psy_arrival_spokes, layout_basic, fountainhead
D:2:      layout_basic, nicolae_overflow_crystal_walls,
          okawaru_metal_pillars_1_2, uniq_robin
D:3:      layout_rooms, gammafunk_temple_overflow_pools,
          uniq_crazy_yiuf_cottage, uniq_natasha
D:4:      layout_loops_corners, kennysheep_vampire_church,
          minmay_temple_entry_water_ring, fedhas_ov_isle_minmay
D:5:      layout_cave_pools, lemuel_coloured_pillars_altar,
          nemelex_xobeh_ov_fountains_minmay, nicolae_gozag_zags_fifth_avenue,
          nemelex_dance_club_becter
D:6:      layout_loops_ring, ebering_ghost_gozag, minivault_23,
          cheibrodos_ashenzari_chains
D:7:      layout_basic, nzn_hepliaklqana_mist_gate, basic_altar
D:8:      layout_basic, basic_altar, minmay_circle_x
D:9:      layout_stronghold, kennysheep_mini_moat
D:10:     minmay_bloctagon_deflated, layout_gridville,
          erik_lair_orcish_takeover, hiddenorc2_lemuel, basic_altar
Orc:1:    emtedronai_trogs_sanctum, layout_caves

Skill      XL: |  1  2  3  4  5  6  7  8  9 10 |
---------------+-------------------------------+-----
Fighting       | 4 5 6 7 |  7.9
Polearms       | 4 5 |  5.3
Stealth        | 1 2 3 4 5 6 |  6.4
Dodging        | 3 4 5 |  5.9
Staves         | 1 4 6 8 10 | 10.1
Evocations     | 1 3 5 6 |  6.7

Action                   |  1- 3 |  4- 6 |  7- 9 | 10-12 || total
-------------------------+-------+-------+-------+-------++-------
Melee: Spear             |   127 |   105 |       |       ||   232
       Tailslap          |     8 |    20 |    32 |    25 ||    85
       Quarterstaff      |       |    46 |   306 |   269 ||   621
       Bite              |       |       |    25 |    18 ||    43
 Abil: Breathe Frost     |       |       |     5 |     3 ||     8
Evoke: Wand              |       |       |     2 |    17 ||    19
  Use: Scroll            |     6 |     9 |     8 |     3 ||    26
       Potion            |       |     4 |     9 |     3 ||    16
 Stab: Sleeping          |     2 |     4 |    10 |     1 ||    17
       Petrified         |     6 |     7 |     6 |       ||    19
       Paralysed         |       |       |     4 |     7 ||    11
       Confused          |       |       |     2 |     1 ||     3
Armor: Skin              |    46 |    38 |   213 |    85 ||   382
Dodge: Dodged            |    51 |   103 |   162 |   264 ||   580
